 Dungeon Crawl Stone Soup version 0.30.1-9-gdf580d7c3d (webtiles) character file.

Game seed: 10190942990436940537

1508 jagang the Slasher (level 9, -3/68 HPs)
             Began as a Human Berserker on Sept 27, 2023.
             Was a Believer of Trog.
             Slain by a yak (10 damage)
             ... on level 5 of the Dungeon.
             The game lasted 00:13:12 (5218 turns).

jagang the Slasher (Human Berserker)                Turns: 5218, Time: 00:13:12

Health: -3/68      AC:  7    Str: 22    XL:     9   Next: 9%
Magic:  9/9        EV: 11    Int:  7    God:    Trog [**....]
Gold:   145        SH:  0    Dex: 13    Spells: 8/8 levels left

rFire   . . .        t - +2 falchion (drain)
rCold   . . .        j - orb {guile}
rNeg    + . .        f - +0 scale mail
rPois   .            (no helmet)
rElec   .            u - scarf {repulsion}
rCorr   .            (no gloves)
SInv    .            (no boots)
Will    .....        (no amulet) Stlth
                     q - ring of positive energy
HPRegen 0.31/turn    (no ring)
MPRegen 0.11/turn

%: repel missiles
@: on berserk cooldown, slowed, very slow
A: no striking features
a: Renounce Religion, Berserk, Trog's Hand


You were on level 5 of the Dungeon.
You worshipped Trog.
Trog was pleased with you.
You visited 1 branch of the dungeon, and saw 5 of its levels.

You collected 145 gold pieces.

Inventory:

Hand Weapons
 a - a +2 dagger of electrocution
 t - a +2 falchion of draining (weapon)
Missiles
 c - a throwing net
 e - 4 javelins (quivered)
 l - 7 poisoned darts
Armour
 f - a +0 scale mail (worn)
 j - an orb of guile (worn)
 u - a scarf of repulsion (worn)
Jewellery
 q - a ring of positive energy (left hand)
 r - a ring of magical power
Wands
 z - a wand of flame (13)
Scrolls
 b - a scroll of immolation {unknown}
 d - 2 scrolls of noise {unknown}
 g - a scroll of teleportation
 i - a scroll of amnesia
 k - a scroll of blinking {unknown}
 p - a scroll of enchant weapon
 v - a scroll of magic mapping
 x - a scroll of silence {unknown}
 y - 3 scrolls of fear {unknown}
Potions
 h - a potion of lignification {unknown}
 m - a potion of curing
 n - a potion of heal wounds {unknown}
 o - 2 potions of ambrosia {unknown}
 s - 2 potions of attraction {unknown}
 w - a potion of brilliance {unknown}


   Skills:
 * Level 5.5 Fighting
 * Level 6.7 Long Blades
 + Level 3.4 Throwing
 * Level 4.9 Armour
 + Level 4.6 Dodging
 + Level 1.2 Evocations


You had 8 spell levels left.
You didn't know any spells.
Your spell library contained the following spells:

 Spells                   Type           Power      Damage    Failure   Level
 Beastly Appendage        Tmut           0%         N/A       75%         1
 Sting                    Tmut/Pois      0%         1d3       75%         1
 Poisonous Vapours        Pois/Air       0%         N/A       86%         2
 Wereblood                Tmut           0%         N/A       86%         2
 Frozen Ramparts          Ice            0%         1d1       98%         3
 Mephitic Cloud           Conj/Pois/Air  0%         N/A       98%         3
 Spider Form              Tmut/Pois      0%         N/A       98%         3
 Ice Form                 Ice/Tmut       0%         N/A       100%        4
 Olgreb's Toxic Radiance  Pois           0%         N/A       100%        4
 Summon Ice Beast         Ice/Summ       0%         N/A       100%        4
 Freezing Cloud           Conj/Ice/Air   0%         6-21      100%        5


Dungeon Overview and Level Annotations

Branches:
Dungeon (5/15)
 Temple: D:4-7

Altars:
Hepliaklqana
Yredelemnul
The Shining One

Shops:
D:5 (


Message History

The yak gores you.
You slash the yak!
The yak is severely wounded.
You hit the yak.
The yak is severely wounded.
You are no longer berserk.
You are exhausted.
You feel yourself slow down. The yak gores you!
You hit the yak but do no damage.
The yak is severely wounded.
The yak gores you!
You closely miss the yak.
The yak is severely wounded.
Your skin stops crawling.
You feel less strong-willed. The yak gores you. The yak closely misses you.
You barely miss the yak.
The yak is severely wounded.
The yak closely misses you.
You hit the yak but do no damage.
The yak is severely wounded.
The yak closely misses you.
You barely miss the yak.
The yak is severely wounded.
The yak gores you. The yak barely misses you.
You barely miss the yak.
The yak is severely wounded.
The yak gores you but does no damage.
You barely miss the yak.
The yak is severely wounded.
The yak barely misses you. The yak gores you!
* * * LOW HITPOINT WARNING * * *
You feel better. The yak misses you. x2
You hit the yak but do no damage.
The yak is severely wounded.
The yak gores you!
* * * LOW HITPOINT WARNING * * *
You hit the yak.
The yak is almost dead.
The yak barely misses you. The yak gores you!
You die...

#.##.#.######.#######
#.##.#.# #.# #.##.#.#
#.# #.##.#.# #.#
#.##.#.# ###.#
#.##.#.. ..#..
#....### #.### ####†#
#.# #†# #@# #.# #Y#
#.######Y###.#.
#...............
#........##.##.#
#####.#..# #
#.###.... ... .$.#.#
###. ..#..#


You could see 2 yaks.

Vanquished Creatures
  Pikel (D:4)
  3 yaks (D:5)
  An ogre (D:4)
  4 scorpions
  A jelly (D:4)
  Crazy Yiuf (D:2)
  A gnoll bouda (D:4)
  Terence (D:3)
  Natasha (D:2)
  5 gnolls (D:4)
  7 adders
  An ufetubus (D:5)
  3 worms
  2 dart slugs
  3 orcs
  6 ball pythons
  7 bats
  6 endoplasms
  3 giant cockroaches
  6 goblins
  3 hobgoblins
  4 jackals (D:5)
  A quokka (D:4)
  A frilled lizard (D:1)
  7 kobolds
  6 rats
85 creatures vanquished.

Notes
Turn   | Place    | Note
-------+----------+-------------------------------------------
     0 | D:1      | jagang the Human Berserker began the quest for the Orb.
     0 | D:1      | Reached XP level 1. HP: 18/18 MP: 1/1
   461 | D:1      | Reached XP level 2. HP: 23/24 MP: 2/2
   564 | D:1      | Found a faded altar of an unknown god.
  1166 | D:2      | Noticed Natasha
  1197 | D:2      | Killed Natasha
  1198 | D:2      | Reached XP level 3. HP: 17/29 MP: 3/3
  1405 | D:2      | Reached XP level 4. HP: 30/35 MP: 4/4
  1824 | D:2      | Reached ** piety under Trog
  2086 | D:2      | Found a runed translucent door.
  2087 | D:2      | Noticed Crazy Yiuf
  2094 | D:2      | Killed Crazy Yiuf
  2095 | D:2      | Reached skill level 4 in Long Blades
  2095 | D:2      | Reached XP level 5. HP: 41/41 MP: 3/5
  3439 | D:3      | Noticed Terence
  3446 | D:3      | Killed Terence
  3842 | D:4      | Noticed Pikel
  3842 | D:4      | Noticed a lemure
  3842 | D:4      | Noticed a lemure
  3842 | D:4      | Noticed a lemure
  3842 | D:4      | Noticed an ogre
  3843 | D:4      | Noticed a lemure
  3847 | D:4      | Killed Pikel
  3848 | D:4      | Reached skill level 5 in Long Blades
  3848 | D:4      | Reached XP level 6. HP: 49/49 MP: 6/6
  3848 | D:4      | Reached XP level 7. HP: 55/55 MP: 7/7
  3860 | D:4      | Reached XP level 8. HP: 25/61 MP: 8/8
  4268 | D:4      | Reached skill level 6 in Long Blades
  4280 | D:4      | Found a basalt altar of Yredelemnul.
  4444 | D:4      | Found a glowing golden altar of the Shining One.
  4525 | D:4      | Found a hazy altar of Hepliaklqana.
  4859 | D:5      | Entered Level 5 of the Dungeon
  5171 | D:5      | Reached skill level 5 in Fighting
  5180 | D:5      | Found Lumnopt's Weapon Emporium.
  5181 | D:5      | Noticed a yak
  5181 | D:5      | Noticed a yak
  5182 | D:5      | Noticed a yak
  5182 | D:5      | Noticed a yak
  5182 | D:5      | Noticed a yak
  5194 | D:5      | Killed a yak
  5199 | D:5      | Killed a yak
  5200 | D:5      | Reached skill level 1 in Evocations
  5202 | D:5      | Killed a yak
  5203 | D:5      | Reached XP level 9. HP: 68/68 MP: 9/9
  5218 | D:5      | Slain by a yak

Illustrated notes

Levels and vault maps discovered:
D:1:      dpeg_arrival_water_fire, layout_basic,
          hellmonk_ecumenical_altar_heavens_door, minmay_door_square
D:2:      layout_basic, serial_curves, eino_curves_04, eino_curves_02,
          chequers_big_river, roderic_cross_of_infinity,
          minmay_misc_feat_four_crosses, uniq_natasha, uniq_crazy_yiuf_cottage
D:3:      layout_basic, serial_curves, eino_curves_02, eino_curves_03,
          eino_curves_02, eino_curves_01, uniq_terence
D:4:      layout_gridville, mainiacjoe_overflow_surrounded_room,
          nicolae_tso_carved_into_rock, kennysheep_mini, serial_bayou_pond_c,
          uniq_pikel
D:5:      layout_loops_ring, serial_shops, shop, kennysheep_windowed_goal

Skill      XL: |  1  2  3  4  5  6  7  8 |
---------------+-------------------------+-----
Long Blades    | 4 5 6 |  6.7
Dodging        | 3 4 |  4.6
Armour         | 3 4 |  4.9
Fighting       | 4 5 |  5.5
Throwing       | 2 3 |  3.4
Evocations     | 1 |  1.2

Action                     |  1- 3 |  4- 6 |  7- 9 || total
---------------------------+-------+-------+-------++-------
  Melee: Falchion          |    86 |   140 |   134 ||   360
  Throw: Javelin           |       |       |     2 ||     2
 Invoke: Berserk           |     1 |     4 |     2 ||     7
         Trog's Hand       |       |       |     1 ||     1
    Use: Scroll            |       |     3 |     2 ||     5
         Potion            |       |       |     1 ||     1
 Armour: Scale mail        |    29 |    48 |    37 ||   114
         Animal skin       |     5 |       |       ||     5
  Dodge: Dodged            |    44 |    72 |    75 ||   191
